 Dungeon Crawl Stone Soup version 0.25.1-2-g60ff931df9 (webtiles) character file.

Game seed: 2517525403590122712

3202 Curus the Basher (level 9, -12/70 HPs)
             Began as a Minotaur Abyssal Knight on Oct 28, 2020.
             Was a High Priest of Lugonu.
             Killed from afar by a centaur (24 damage)
             ... with a bolt of acid
             ... on level 6 of the Dungeon.
             The game lasted 00:34:47 (5733 turns).

Curus the Basher (Minotaur Abyssal Knight)          Turns: 5733, Time: 00:34:47

Health: -12/70     AC:  5    Str: 15 (17) XL:     9   Next: 65%
Magic:  15/15      EV: 10    Int:  6 (9)  God:    Lugonu [*****.]
Gold:   71         SH:  5    Dex: 11 (13) Spells: 8/8 levels left

rFire    + . .     SeeInvis .   d - +4 flail (vorpal)
rCold    . . .     Gourm    .   r - +2 buckler
rNeg     . . .     Faith    .   m - +2 troll leather armour {Purgy}
rPois    +         Spirit   .   (helmet restricted)
rElec    .         Reflect  .   j - +0 cloak
rCorr    .         Harm     .   u - +0 pair of gloves
MR       .....                  k - +0 pair of boots
Stlth    +.........             (no amulet)
HPRegen  0.61/turn              s - ring of poison resistance
MPRegen  0.14/turn              v - ring of protection from fire

@: corroded
A: retaliatory headbutt, horns 2, wild magic 1, MP-powered wands
a: Depart the Abyss, Bend Space, Banish, Corrupt, Enter the Abyss, Renounce
Religion


You were on level 6 of the Dungeon.
You worshipped Lugonu.
Lugonu was extremely pleased with you.
You were not hungry.

You visited 1 branch of the dungeon, and saw 6 of its levels.
You visited the Abyss 1 time.
You also visited: Sewer and Ossuary.

You collected 428 gold pieces.
You spent 357 gold pieces at shops.

Inventory:

Hand Weapons
 a - a +1 mace
 d - a +4 vorpal flail (weapon)
 l - a +1 flail of protection
 w - a +2 dire flail of holy wrath
Armour
 b - a +0 leather armour
 g - a +0 chain mail
 j - a +0 cloak (worn)
 k - a +0 pair of boots (worn)
 m - a +2 troll leather armour (worn) {Purgy}
 r - a +2 buckler (worn)
 u - a +0 pair of gloves (worn)
Jewellery
 e - an uncursed ring of stealth
 s - a ring of poison resistance (left hand)
 v - a ring of protection from fire (right hand)
Wands
 i - a wand of digging (6)
 C - a wand of random effects (24)
Scrolls
 h - 11 scrolls of identify
 n - 4 scrolls of remove curse
 t - a scroll of magic mapping
 x - 2 scrolls of fear
 y - a scroll of amnesia
 A - a scroll of blinking
Potions
 f - 3 potions of might
 o - 4 potions of heal wounds
 p - 3 potions of stabbing
 q - 3 potions of haste
 z - 2 potions of curing
Comestibles
 c - 8 rations
 B - 4 chunks of flesh


   Skills:
 - Level 3.6 Fighting
 * Level 12.0 Maces & Flails
 - Level 2.4 Armour
 - Level 1.1 Dodging
 + Level 9.4 Invocations


You had 8 spell levels left.
You didn't know any spells.
Your spell library contained the following spells:

 Spells                   Type           Power        Failure   Level  Hunger
 Animate Skeleton         Necr           N/A          78%         1    ##.....
 Pain                     Necr           #...         78%         1    ##.....
 Vampiric Draining        Necr           #.........   98%         3    ####...
 Animate Dead             Necr           N/A          100%        4    #####..
 Agony                    Necr           #.......     100%        5    ######.


Dungeon Overview and Level Annotations

Branches:
Dungeon (6/15)              Sewer (visited)         Ossuary (visited)
 Temple: D:4-7

Altars:
Makhleb
Nemelex Xobeh
Ru
Sif Muna
Trog
Wu Jian
Zin

Shops:
D:5 }*

Annotations:
D:3 3 runed translucent doors, UnDebs's ghost, amateur MfGl; chimenez's ghost, amateur TrSk


Innate Abilities, Weirdness & Mutations

You reflexively headbutt those who attack you in melee.
You have a pair of horns on your head.
Your spells are a little harder to cast, but a little more powerful.
You expend magic power (3 MP) to strengthen your wands.


Message History

An arrow appears from out of thin air!
The arrow hits you but does no damage. The bullfrog hits you.
You hear a twanging sound.
An arrow appears from out of thin air!
The arrow hits you but does no damage.
You thump the bullfrog!
You kill the bullfrog!
Lugonu accepts your kill.
Your Maces & Flails skill increases to level 12!
You hear a zap.
A bolt of acid appears from out of thin air!
The bolt of acid hits you!! The acid corrodes you!
You are splashed with acid!
You hear a zap.
A bolt of acid appears from out of thin air!
The bolt of acid hits you!
You are splashed with acid!
* * * LOW HITPOINT WARNING * * *
Okay, then.
You hear a zap.
A bolt of acid appears from out of thin air!
The bolt of acid hits you!!
You die...

##.....#
.............
#......## ...
##......
.........## #..#
##.....
..........# #..#
#.....
..........## #..#
##....
....###....##...#
#.... ..##
###......# ##..(
.# ##....## #....
##@.### #<.#.
##.....## #..##
#(.F....# #..#
#.....#...# ..##
#.....####..#
#..# #.{.$.## #..
...# ......## #.
..... .......#
..... .........


You could see a bullfrog.

Vanquished Creatures
  Pikel (D:4)
  Eustachio (D:6)
  Sigmund (D:2)
  Duvessa (D:6)
  An orc warrior (D:6)
  A slave (D:4)
  Purgy (Sewer)
  3 phantoms
  3 ogres
  2 centaurs
  An elf zombie (Ossuary)
  A bullfrog (D:6)
  Blork the orc (D:4)
  Dowan (D:6)
  3 scorpions
  A howler monkey (D:5)
  4 crimson imps (D:5)
  A jelly (D:4)
  Crazy Yiuf (D:2)
  2 centaur zombies (Ossuary)
  6 orc priests
  A hound (D:6)
  An iguana (D:4)
  8 orc wizards
  3 ogre zombies (Ossuary)
  A big kobold zombie (Ossuary)
  A hound zombie (D:5)
  7 mummies (Ossuary)
  A howler monkey zombie (D:4)
  A howler monkey skeleton (D:4)
  8 adders
  A river rat (D:3)
  An adder skeleton (D:6)
  2 adder zombies (Ossuary)
  3 worms
  A dart slug (D:1)
  A leopard gecko (D:1)
  23 orcs
  10 giant cockroaches
  5 goblins
  4 hobgoblins
  11 jackals
  5 quokkas
  3 ball pythons (D:3)
  16 bats
  6 frilled lizards
  5 goblin zombies (Ossuary)
  5 hobgoblin zombies (Ossuary)
  7 kobolds
  4 kobold zombies (Ossuary)
  An orc zombie (Ossuary)
  4 quokka zombies (Ossuary)
  3 rats
  2 rat zombies (Ossuary)
192 creatures vanquished.

Vanquished Creatures (others)
  A slave (D:4)
  A howler monkey (D:4)
2 creatures vanquished.

Grand Total: 194 creatures vanquished

Notes
Turn   | Place    | Note
-------+----------+-------------------------------------------
     0 | Abyss:1  | Curus the Minotaur Abyssal Knight began the quest for the
                  | Orb.
     0 | Abyss:1  | Reached XP level 1. HP: 19/19 MP: 1/1
    27 | D:1      | Escaped the Abyss
   262 | D:1      | Reached XP level 2. HP: 26/26 MP: 2/2
   274 | D:1      | Reached skill level 3 in Maces & Flails
   411 | D:1      | Reached ** piety under Lugonu
  1078 | D:2      | Reached XP level 3. HP: 17/31 MP: 2/4
  1092 | D:2      | Reached skill level 4 in Maces & Flails
  1092 | D:2      | Reached XP level 4. HP: 16/39 MP: 3/5
  1388 | D:2      | Found a sparkling altar of Nemelex Xobeh.
  1441 | D:2      | Found a burning altar of Makhleb.
  1447 | D:2      | Found a glowing silver altar of Zin.
  1447 | D:2      | Noticed a green death
  1447 | D:2      | Noticed an angel
  1682 | D:2      | Noticed Sigmund
  1764 | D:2      | Killed Sigmund
  1764 | D:2      | Reached skill level 5 in Maces & Flails
  1764 | D:2      | Reached XP level 5. HP: 33/45 MP: 5/7
  2070 | D:2      | Found a runed translucent door.
  2071 | D:2      | Noticed Crazy Yiuf
  2241 | D:2      | Killed Crazy Yiuf
  2241 | D:2      | Reached XP level 6. HP: 46/51 MP: 8/8
  2555 | D:3      | Reached skill level 6 in Maces & Flails
  2574 | D:3      | Found a shimmering blue altar of Sif Muna.
  2731 | D:3      | Found a glowing drain.
  2752 | D:3      | Reached *** piety under Lugonu
  2766 | Sewer    | Entered a sewer
  2807 | Sewer    | Noticed Purgy
  2817 | Sewer    | Killed Purgy
  2817 | Sewer    | Reached skill level 5 in Invocations
  2953 | D:3      | Found a runed translucent gate.
  2955 | D:3      | Found a runed translucent gate.
  2956 | D:3      | Found a runed translucent gate.
  2957 | D:3      | Noticed UnDebs's ghost (amateur MfGl)
  2957 | D:3      | Noticed chimenez's ghost (amateur TrSk)
  3365 | D:4      | Gained mutation: You expend magic power (3 MP) to
                  | strengthen your wands. [potion of mutation]
  3365 | D:4      | Gained mutation: Your spells are a little harder to cast,
                  | but a little more powerful. [potion of mutation]
  3374 | D:4      | Reached XP level 7. HP: 57/57 MP: 10/10
  3417 | D:4      | Reached skill level 7 in Maces & Flails
  3490 | D:4      | Noticed Pikel
  3511 | D:4      | Killed Pikel
  3511 | D:4      | Reached skill level 8 in Maces & Flails
  3511 | D:4      | Reached XP level 8. HP: 42/64 MP: 10/12
  3579 | D:4      | Found a bloodstained altar of Trog.
  3727 | D:4      | Noticed Blork the orc
  3738 | D:4      | Killed Blork the orc
  3738 | D:4      | Reached skill level 9 in Maces & Flails
  3977 | D:5      | Entered Level 5 of the Dungeon
  4000 | D:5      | Reached **** piety under Lugonu
  4050 | D:5      | Found Rofis's General Store.
  4060 | D:5      | Found Vewyul's Gadget Boutique.
  4098 | D:5      | Bought a scroll of enchant armour for 97 gold pieces
  4269 | D:5      | Reached skill level 10 in Maces & Flails
  4365 | D:5      | Found a sand-covered staircase.
  4371 | Ossuary  | Entered an ossuary
  4504 | Ossuary  | Reached XP level 9. HP: 70/70 MP: 14/14
  4728 | Ossuary  | Reached ***** piety under Lugonu
  4820 | D:5      | Found a sacrificial altar of Ru.
  4947 | D:5      | Bought an uncursed ring of poison resistance for 260 gold
                  | pieces
  5156 | D:6      | Reached skill level 11 in Maces & Flails
  5235 | D:6      | Noticed Eustachio
  5256 | D:6      | Killed Eustachio
  5520 | D:6      | Found an ornate altar of the Wu Jian Council.
  5556 | D:6      | Noticed Dowan
  5557 | D:6      | Noticed Duvessa
  5562 | D:6      | Killed Duvessa
  5565 | D:6      | Killed Dowan
  5731 | D:6      | Reached skill level 12 in Maces & Flails
  5733 | D:6      | Killed from afar by a centaur

Illustrated notes

Levels and vault maps discovered:
D:1:      minmay_arrival_doors, layout_basic, chequers_serial_rivers_small_b,
          minmay_pentomino_u2
D:2:      layout_loops_ring, grunt_temple_overflow_order_and_chaos_2,
          nemelex_xobeh_ov_fountains_minmay, uniq_crazy_yiuf_cottage,
          uniq_sigmund
D:3:      layout_loops_ring, lemuel_round_altar, first_ration,
          gammafunk_ghost_cemetery, portal_sewer_entry_a
D:4:      layout_rooms, nicolae_overflow_hidden_temple, uniq_blork_the_orc,
          uniq_pikel
D:5:      layout_rooms, nicolae_overflow_crystal_walls,
          nicolae_ossuary_entry_false_entrances, serial_shops,
          nicolae_shop_waterfront, nicolae_shop_crystal
D:6:      layout_layer_cave, kennysheep_mini_moat, dancing_weapons_uskayaw,
          chequers_temple_overflow_statue_of_worship, kb_lookout_dungeons_type,
          uniq_eustachio, uniq_duvessa

Skill      XL: |  1  2  3  4  5  6  7  8  9 |
---------------+----------------------------+-----
Invocations    | 2 3 4 5 7 8 9 |  9.4
Maces & Flails | 3 4 5 6 8 10 12 | 12.0
Fighting       | |  3.6
Armour         | |  2.4
Dodging        | |  1.1

Action                   |  1- 3 |  4- 6 |  7- 9 || total
-------------------------+-------+-------+-------++-------
Melee: Mace              |    66 |   102 |       ||   168
       Headbutt          |     8 |    24 |    53 ||    85
       Flail             |       |    70 |   319 ||   389
  Use: Scroll            |     4 |     5 |     6 ||    15
       Potion            |     1 |     8 |     1 ||    10
 Stab: Sleeping          |     1 |       |     7 ||     8
  Eat: Chunk             |       |     8 |     5 ||    13
       Ration            |       |       |     1 ||     1
Armor: Leather armour    |    19 |       |       ||    19
       Chain mail        |    32 |   137 |       ||   169
       Troll leather arm |       |     4 |   117 ||   121
Dodge: Dodged            |    39 |    75 |   146 ||   260
Block: Buckler           |       |       |    72 ||    72
